 Dungeon Crawl Stone Soup version 0.31-a0-1376-g36f0627844 (webtiles) character file.

Game seed: 14150693675855791235

4 Jannitor the Trooper (level 1, 0/24 HPs)
             Began as an Oni Delver on Dec 24, 2023.
             Slain by an orc
             ... wielding a +4 short sword
              (2 damage)
             ... on level 5 of the Dungeon.
             The game lasted 00:00:06 (36 turns).

Jannitor the Trooper (Oni Delver)                     Turns: 36, Time: 00:00:07

Health: 0/24       AC:  3    Str: 15    XL:     1   Next: 60%
Magic:  1/1        EV: 10    Int: 11    God:
Gold:   0          SH:  0    Dex: 10    Spells: 0/0 levels left

rFire   . . .        a - +0 mace
rCold   . . .        (no shield)
rNeg    . . .        b - +0 robe
rPois   .            (helmet restricted)
rElec   .            (no cloak)
rCorr   .            (gloves unavailable)
SInv    .            (boots unavailable)
Will    .....        (no amulet)
Stlth   ++           (no ring)
HPRegen 0.24/turn    (no ring)
MPRegen 0.07/turn

%: no passive effects
@: no status effects
A: large, unfitting armour, horns 1, tough skin 1, double potion healing,
drunken brawling
a: no special abilities


You were on level 5 of the Dungeon.
You visited 1 branch of the dungeon, and saw 1 of its levels.

Inventory:

Hand Weapons
 a - a +0 mace (weapon)
Armour
 b - a +0 robe (worn)
Wands
 g - a wand of digging (3)
Scrolls
 c - a scroll of fog
 d - a scroll of revelation
 e - a scroll of fear
 h - a scroll of blinking {unknown}
 i - a scroll of amnesia {unknown}
Potions
 f - a potion of haste


   Skills:
 + Level 4.1 Fighting
 + Level 2.1 Maces & Flails
 + Level 1.9 Dodging
 + Level 3.7 Stealth


You couldn't memorise any spells.
You didn't know any spells.
Your spell library was empty.

Dungeon Overview and Level Annotations

Branches:
Dungeon (5/15)
 Temple: D:4-7

Altars:


Innate Abilities, Weirdness & Mutations

You are too large for most types of armour.
You have a pair of small horns on your head.
You have tough skin. (AC +1)
You gain doubled healing and magic from potions.
Whenever you drink a healing potion, you attack all around you.


Message History

Found a scroll labelled TOL XYDWIOLI and a scroll labelled EMPIKH VIMIB.
Found a stone staircase leading down.
h - a scroll labelled TOL XYDWIOLI
i - a scroll labelled EMPIKH VIMIB
Found a club.
You open the door.
There is an open door here.
An orc comes into view. It is wielding a +0 short sword.
An orc is nearby!
Found a flail.
The orc shouts!
An orc comes into view. It is wielding a +0 mace.
The orc shouts!
An orc comes into view. It is wielding a +4 short sword.
Found a short sword.
The orc shouts!
You hit the orc. Your headbutt misses the orc.
The orc is almost dead.
The orc hits you with a +0 short sword.
You hit the orc.
You kill the orc!
You hit the orc. Your headbutt misses the orc.
The orc is lightly wounded.
The orc hits you with a +0 mace.
An ice beast comes into view.
You hit the orc. You punch the orc, but do no damage.
The orc is almost dead.
The orc hits you with a +0 mace. The orc hits you but does no damage.
You barely miss the orc. You headbutt the orc.
You kill the orc!
The orc hits you with a +4 short sword.
You are too injured to fight recklessly!
You are too injured to fight recklessly!
You hit the orc but do no damage. The orc hits you with a +4 short sword.
* * * LOW HITPOINT WARNING * * *
The orc attacks as it pursues you! The orc closely misses you.
The orc hits you with a +4 short sword.
* * * LOW HITPOINT WARNING * * *
The orc attacks as it pursues you! The orc hits you with a +4 short sword.
You die...

#......#...............
.##....#.#...............
................######....
...........................
......)....#'###...........
.........#.Y.###...........
.........##..##............
.........##.o##............
.........###.@.............
.........# ##..............
)........# #...>..........
..)......# ###..###+####+#
#..# #..# .... #.##.# #. .


You could see an ice beast and an orc.

Vanquished Creatures
  2 orcs (D:5)
2 creatures vanquished.

Notes
Turn   | Place    | Note
-------+----------+-------------------------------------------
     0 | D:5      | Jannitor the Oni Delver began the quest for the Orb.
     0 | D:5      | Reached XP level 1. HP: 24/24 MP: 1/1
    26 | D:5      | Noticed an ice beast
    36 | D:5      | Slain by an orc

Illustrated notes

Levels and vault maps discovered:
D:5:      layout_basic, palyth_temple_overflow_mages, nicolae_custom_books,
          grunt_ministairs_13

Action                     || total
---------------------------++-------
  Melee: Mace              ||     6
         Headbutt          ||     1
         Punch             ||     1
 Armour: Robe              ||     8
  Dodge: Dodged            ||     1

Table legend: (Time is in decaauts)
 A = Elapsed time spent in this place.
 B = Non-inter-level travel time spent in this place.
 C = Inter-level travel time spent in this place.
 D = Time resting spent in this place.
 E = Time spent auto-exploring this place.
 F = Levels seen in this place.
 G = Mean time per level.
                   A        B        C        D        E       F      G
               +--------+--------+--------+--------+--------+-----+--------+
         Total |     37 |     37 |      0 |      0 |     17 |   1 |   37.0 |
       Dungeon |     37 |     37 |      0 |      0 |     17 |   1 |   37.0 |
               +--------+--------+--------+--------+--------+-----+--------+

Top non-repeatable levels by time:
     D:5: 37 daAuts
